 Dungeon Crawl Stone Soup version 0.28.0-45-g0d030f2227 (webtiles) character file.

Game seed: 5512586731648328614

22 AwesomestEgon the Covered (level 2, 0/27 HPs)
             Began as a Minotaur Fighter on Mar 30, 2022.
             Succumbed to Sigmund's poison
             ... on level 2 of the Dungeon.
             The game lasted 00:05:11 (909 turns).

AwesomestEgon the Covered (Minotaur Fighter)         Turns: 909, Time: 00:05:11

Health: 0/27       AC:  7    Str: 20    XL:     2   Next: 68%
Magic:  1/1        EV:  9    Int:  5    God:
Gold:   68         SH:  4    Dex:  9    Spells: 1/1 levels left

rFire   . . .      SeeInvis .   a - +0 long sword
rCold   . . .      Faith    .   c - +0 buckler
rNeg    . . .      Spirit   .   b - +0 scale mail
rPois   .          Reflect  .   (helmet restricted)
rElec   .          Harm     .   (no cloak)
rCorr   .          Rampage  .   (no gloves)
Will    .....                   (no boots)
Stlth   ..........              (no amulet)
HPRegen 0.09/turn               (no ring)
MPRegen 0.07/turn               (no ring)

@: mighty, lethally poisoned (0 -> -9)
A: horns 2, retaliatory headbutt
a: no special abilities


You were on level 2 of the Dungeon.
You visited 1 branch of the dungeon, and saw 2 of its levels.

You collected 68 gold pieces.

Inventory:

Hand Weapons
 a - a +0 long sword (weapon)
Armour
 b - a +0 scale mail (worn)
 c - a +0 buckler (worn)
 f - a +0 robe
 h - a +0 leather armour
Jewellery
 g - a ring of magical power
Potions
 e - a potion of cancellation


   Skills:
 + Level 3.8 Fighting
 + Level 2.7 Long Blades
 + Level 4.1 Armour
 + Level 4.1 Shields


You had one spell level left.
You didn't know any spells.
Your spell library contained the following spells:

 Spells                   Type           Power      Damage    Failure   Level
 Ensorcelled Hibernation  Hex/Ice        0%         N/A       96%         2
 Spider Form              Tmut/Pois      0%         N/A       99%         3
 Anguish                  Hex/Necr       0%         N/A       100%        4


Dungeon Overview and Level Annotations

Branches:
Dungeon (2/15)

Altars:

Shops:
D:1 *

Annotations:
D:2 Sigmund


Innate Abilities, Weirdness & Mutations

You have a pair of horns on your head.
You reflexively headbutt those who attack you in melee.


Message History

The slug dart hits you but does no damage.
You completely miss the dart slug. The dart slug barely misses you.
You furiously retaliate!
You headbutt the dart slug. You slash the dart slug!
You kill the dart slug!
Sigmund the Dreaded comes into view.
He is wielding a +1 scythe of venom.
Sigmund shouts!
Sigmund moves out of view.
Unknown command.
Hit: a) +0 long sword
Press: ? - help, Dir - move target, f - you
Okay, then.
Sigmund hits you from afar with a +1 scythe of venom.
You hit Sigmund.
Sigmund is lightly wounded.
Sigmund barely misses you.
You hit Sigmund. You headbutt Sigmund.
Sigmund is moderately wounded.
Sigmund hits you with a +1 scythe of venom!
You are lethally poisoned!
You feel very mighty all of a sudden.
You feel very sick.
Sigmund screams, "Don't try to resist!"
Sigmund barely misses you.
You hit Sigmund. Your headbutt misses Sigmund.
Sigmund is heavily wounded.
* * * LOW HITPOINT WARNING * * *
You feel very sick. Sigmund casts a spell at you. The puff of flame hits you.
* * * LOW HITPOINT WARNING * * *
You barely miss Sigmund. Your headbutt misses Sigmund.
Sigmund is heavily wounded.
* * * LOW HITPOINT WARNING * * *
You feel very sick. Sigmund casts a spell at you.
You resist with significant effort.
You closely miss Sigmund. You headbutt Sigmund!
Sigmund is almost dead.
You die...

####### ######
#.....#### #....#
#..@...... #....#
#.@....#
#....#####......#
.+++..................
............#......###
............######.#
............# .#
............+ .
............# #
............#


You could see Sigmund.

Vanquished Creatures
  2 dart slugs
  2 ball pythons (D:1)
  A bat (D:2)
  2 endoplasms (D:1)
  A giant cockroach (D:1)
  2 goblins (D:1)
  A hobgoblin (D:1)
  A quokka (D:2)
  2 frilled lizards
  2 rats (D:1)
16 creatures vanquished.

Notes
Turn   | Place    | Note
-------+----------+-------------------------------------------
     0 | D:1      | AwesomestEgon the Minotaur Fighter began the quest for the
                  | Orb.
     0 | D:1      | Reached XP level 1. HP: 19/19 MP: 0/0
   355 | D:1      | Reached XP level 2. HP: 25/27 MP: 1/1
   611 | D:1      | Found a faded altar of an unknown god.
   625 | D:1      | Found Aqahih's Assorted Antiques.
   900 | D:2      | Noticed Sigmund
   909 | D:2      | Succumbed to Sigmund's poison

Illustrated notes

Levels and vault maps discovered:
D:1:      lightli_arrival_isolated_outpost, layout_loops_cross,
          ebering_ecumenical_altar_mist, serial_shops,
          nicolae_shop_advertising_works [nicolae_subvault_shop_adworks]
D:2:      minmay_thinvault, layout_basic, uniq_sigmund, uniq_robin

Skill      XL: |  1  2 |
---------------+-------+-----
Armour         | 4 |  4.1
Shields        | 4 |  4.1
Fighting       | |  3.8
Long Blades    | |  2.7

Action                   || total
-------------------------++-------
Melee: Long sword        ||    41
       Headbutt          ||     5
  Use: Scroll            ||     5
       Potion            ||     1
Armor: Scale mail        ||    12
Dodge: Dodged            ||    24
Block: Buckler           ||     8
